 Dungeon Crawl Stone Soup version 0.20-a0-441-g89e74e4 (webtiles) character file.

4602 M4edhros the Covert (level 10, -8/61 HPs)
             Began as an Octopode Artificer on Jan 6, 2017.
             Was a Priest of Zin.
             Mangled by a hornet (15 damage)
             ... on level 9 of the Dungeon.
             The game lasted 00:16:06 (10592 turns).

M4edhros the Covert (Octopode Artificer)           Turns: 10592, Time: 00:16:06

Health: -8/61      AC:  1    Str: 12    XL:     10   Next: 42%
Magic:  15/16      EV: 13    Int: 16    God:    Zin [***...]
Gold:   425        SH:  4    Dex: 23    Spells: 6/9 levels left

rFire  . . .     SeeInvis .     E - +11 mace of Yxkos {speed, +Inv rC- Dex+7 Stlth+}
rCold  . . .     Gourm    .     O - +0 buckler
rNeg   . . .     Faith    .     (helmet restricted)
rPois  ∞         Spirit   .     (no amulet)
rElec  .         Reflect  .     l - ring of protection from cold
rCorr  .         Harm     .     (no ring)
MR     .....                    (no ring)
Stlth  ++++++....               (no ring)
                                (no ring)
                                (no ring)
                                (no ring)
                                (no ring)

@: vitalised, slowed, very slow
A: almost no armour, stealthy swim, amphibious, 8 rings, constrict 8, camouflage
1, gelatinous body 1, subdued magic 1
a: Recite, Vitalisation, Imprison, Donate Gold, Renounce Religion, Evoke
Invisibility


You were on level 9 of the Dungeon.
You worshipped Zin.
Zin was most pleased with you.
You were near starving.

You visited 2 branches of the dungeon, and saw 10 of its levels.

You collected 542 gold pieces.
You spent 63 gold pieces at shops.
You donated 54 gold pieces to Zin.

Inventory:

Hand Weapons
 a - a +0 short sword
 e - a +0 blowgun
 r - a +1 whip of electrocution
 s - a +2 hand axe of flaming
 v - a +1 hunting sling of freezing
 E - the +11 mace of Yxkos (weapon) {speed, +Inv rC- Dex+7 Stlth+}
   (You found it on level 6 of the Dungeon)

   Attacks with this weapon are significantly faster.
   It affects your dexterity (+7).
   It makes you vulnerable to cold.
   It lets you turn invisible.
   It makes you more stealthy.
Missiles
 g - 6 curare-tipped needles
 q - 49 sling bullets
 w - 297 stones (quivered)
 N - 3 javelins
Armour
 O - a +0 buckler (worn)
Jewellery
 l - a ring of protection from cold (left tentacle)
Wands
 b - a wand of flame (27/48)
 c - a wand of enslavement (8/24)
 n - a wand of iceblast (0/15)
 A - a wand of enslavement (10/24)
 D - a wand of lightning (3/15)
 K - a wand of lightning (3/15)
 P - a wand of flame (0/48)
Scrolls
 h - 4 scrolls of identify
 k - 7 scrolls of remove curse
 m - a scroll of random uselessness {unknown}
 o - 6 scrolls of teleportation
 p - 4 scrolls of immolation {unknown}
 t - 2 scrolls of fear {unknown}
 y - a scroll of fog {unknown}
 B - 2 scrolls of amnesia {unknown}
 I - 2 scrolls of recharging {unknown}
 M - a scroll of torment {unknown}
Potions
 u - 2 potions of cure mutation
 x - a potion of mutation {unknown}
 G - 2 potions of might
 J - a potion of flight {unknown}
Books
 L - a book of Misfortune

   Spells                             Type                      Level
   a - Confusing Touch                Hexes                        1
   b - Confuse                        Hexes                        3
   c - Gell's Gravitas                Hexes/Translocation          3
   d - Petrify                        Transmutation/Earth          4
   e - Metabolic Englaciation         Hexes/Ice                    5
   f - Yara's Violent Unravelling     Hexes/Transmutation          5
Comestibles
 f - 5 bread rations
 i - 7 meat rations
 j - a beef jerky
 z - 4 fruits


   Skills:
 - Level 2.5(1.2) Fighting
 - Level 1.0(0.5) Short Blades
 - Level 3.1(2.2) Axes
 * Level 4.8(2.6) Maces & Flails
 - Level 6.2(3.1) Slings
 - Level 3.1(1.5) Dodging
 - Level 11.0(7.0) Stealth
 * Level 5.4(2.7) Invocations
 - Level 8.1(4.1) Evocations


You had 6 spell levels left.
You knew the following spells:

 Your Spells              Type           Power        Failure   Level  Hunger
a - Confuse               Hex            #.......     93%         3    ####...


Dungeon Overview and Level Annotations

Branches:
Dungeon (9/15)             Temple (1/1) D:4
   Lair: D:8-11         Orc: D:9-12

Altars:
Ashenzari
Cheibriados
Dithmenos
Elyvilon
Fedhas
Hepliaklqana
Kikubaaqudgha
Makhleb
Okawaru
Qazlal
Ru
Sif Muna
Trog
Uskayaw
Vehumet
Xom
Yredelemnul
Zin
The Shining One

Shops:
D:8 [


Innate Abilities, Weirdness & Mutations

You cannot wear most types of armour.
You are very stealthy in the water. (Stealth+)
You are amphibious.
You can wear up to eight rings at the same time.
You can use your tentacles to constrict eight enemies at once.
Your skin changes colour to match your surroundings (Stealth+).
Your rubbery body absorbs attacks. (AC +1, EV +1)
Your spells are a little easier to cast, but a little less powerful.


Message History

The hornet is heavily wounded.
You constrict the hornet, but do no damage.
The hornet stings you.
* * * LOW HITPOINT WARNING * * *
Your divine stamina protects you from poison!
You block the hornet's attack.
You hit the hornet.
You squeeze the hornet, but do no damage.
The hornet is severely wounded.
You constrict the hornet, but do no damage.
The hornet stings you!
* * * LOW HITPOINT WARNING * * *
Your divine stamina protects you from poison!
You block the hornet's attack.
You hit the hornet.
You squeeze the hornet, but do no damage.
The hornet is almost dead.
You constrict the hornet, but do no damage.
The hornet stings you!
You die...

#... #..# #..#
######..###### ##
#............# #.#
##.####..####.
##y#.#.........#
#.#y##.####..#.#
#@#|#.####....#
###.###...##.##.#
#.....#.#.#...#.##.#
####.##............#
#.####.#...#.####
##########.####.##.##.#
.................#.##.#
######.##............#
#.##..........#)#


You could see a hornet.

Vanquished Creatures
  Pikel (D:5)
  An ugly thing (D:9)
  A hippogriff (D:7)
  A hungry ghost (D:7)
  Menkaure (D:4)
  Duvessa (D:5)
  An eye of draining (D:4)
  3 orc warriors (D:8)
  2 sky beasts
  6 ogres
  A necrophage (D:4)
  A phantom (D:4)
  4 centaurs
  3 bullfrogs
  Dowan (D:5)
  A scorpion (D:4)
  2 howler monkeys
  4 crimson imps
  A centaur zombie (D:8)
  An orc priest (D:7)
  3 jellies
  6 hounds
  3 orc wizards
  2 iguanas
  Ijyb (D:2)
  8 worker ants
  2 killer bee zombies
  A howler monkey skeleton (D:7)
  13 gnolls
  15 adders
  3 shadow imps
  2 oozes (D:1)
  An adder zombie (D:5)
  An adder skeleton (D:6)
  4 worms
  2 dart slugs
  5 leopard geckos
  13 orcs
  7 giant cockroaches
  13 goblins
  6 hobgoblins
  21 jackals
  4 quokkas
  3 ball pythons
  6 bats
  8 frilled lizards
  2 kobolds
  2 leopard gecko zombies
  10 rats
  A spectral orc (D:5)
205 creatures vanquished.

Vanquished Creatures (collateral kills)
  A gnoll shaman (D:4)
  A gnoll (D:4)
  A dart slug (D:3)
3 creatures vanquished.

Vanquished Creatures (others)
  A hound (D:5)
  An orc (D:5)
  A giant cockroach (D:5)
  A jackal (D:3)
4 creatures vanquished.

Grand Total: 212 creatures vanquished

Notes
Turn   | Place    | Note
-------+----------+-------------------------------------------
     0 | D:1      | M4edhros the Octopode Artificer began the quest for the Orb.
     0 | D:1      | Reached XP level 1. HP: 13/13 MP: 3/3
   128 | D:1      | Reached skill level 2 in Stealth
   267 | D:1      | Reached XP level 2. HP: 17/18 MP: 4/4
   493 | D:2      | Reached skill level 3 in Stealth
   493 | D:2      | Reached XP level 3. HP: 9/23 MP: 4/6
  1085 | D:3      | Reached skill level 4 in Stealth
  1085 | D:3      | Reached XP level 4. HP: 28/28 MP: 7/7
  1175 | D:4      | Noticed a phantom
  1188 | D:4      | Killed a phantom
  1188 | D:4      | Reached skill level 5 in Stealth
  1188 | D:4      | Reached XP level 5. HP: 33/33 MP: 8/8
  1534 | D:4      | Reached skill level 6 in Stealth
  1534 | D:4      | Reached skill level 5 in Evocations
  1596 | D:4      | Noticed an eye of draining
  1611 | D:4      | Killed an eye of draining
  1611 | D:4      | Reached skill level 7 in Stealth
  1611 | D:4      | Reached XP level 6. HP: 37/38 MP: 0/9
  1620 | D:4      | Noticed a necrophage
  1633 | D:4      | Killed a necrophage
  1726 | D:4      | Noticed Menkaure
  1733 | D:4      | Killed Menkaure
  1733 | D:4      | Reached skill level 8 in Stealth
  1733 | D:4      | Reached XP level 7. HP: 23/41 MP: 11/11
  1985 | D:4      | Reached skill level 9 in Stealth
  2172 | D:4      | Found a staircase to the Ecumenical Temple.
  2179 | Temple   | Entered the Ecumenical Temple
  2223 | Temple   | Became a worshipper of Ashenzari the Shackled
  2577 | D:2      | Noticed Ijyb
  2584 | D:2      | Killed Ijyb
  4337 | D:3      | Reached skill level 10 in Stealth
  4606 | D:4      | Reached XP level 8. HP: 39/48 MP: 12/12
  4732 | D:4      | Reached skill level 1 in Slings
  5399 | D:5      | Entered Level 5 of the Dungeon
  5399 | D:5      | Noticed Pikel
  5406 | D:5      | Killed Pikel
  5406 | D:5      | Reached skill level 5 in Slings
  5819 | D:5      | Reached XP level 9. HP: 43/53 MP: 14/14
  5824 | D:5      | Gained mutation: Your spells are a little easier to cast, but a little less powerful. [mutagenic meat]
  5872 | D:5      | Noticed Dowan
  5874 | D:5      | Noticed Duvessa
  5886 | D:5      | Killed Duvessa
  5889 | D:5      | Killed Dowan
  6209 | D:5      | Found a basalt altar of Yredelemnul.
  6265 | D:5      | Reached * piety under Ashenzari
  6425 | D:6      | Got the mace of Yxkos {speed, +Inv rC- Dex+7 Stlth+}
  6426 | D:6      | Identified the +11 mace of Yxkos {speed, +Inv rC- Dex+7 Stlth+} (You found it on level 6 of the Dungeon)
  6610 | D:6      | Reached skill level 1 in Axes
  6744 | D:6      | Found a radiant altar of Vehumet.
  6745 | D:6      | Found a burning altar of Makhleb.
  6973 | Temple   | Fell from the grace of Ashenzari
  6973 | Temple   | Became a worshipper of Zin the Law-Giver
  6973 | Temple   | Reached * piety under Zin
  7417 | D:7      | Reached ** piety under Zin
  7539 | D:7      | Reached skill level 11 in Stealth
  7695 | D:7      | Found a blossoming altar of Fedhas.
  7699 | D:7      | Found a stormy altar of Qazlal.
  7773 | D:7      | Found a hide-covered altar of Uskayaw.
  7787 | D:7      | Reached skill level 1 in Maces & Flails
  7787 | D:7      | Reached skill level 1 in Invocations
  8207 | D:7      | Learned a level 3 spell: Confuse
  8511 | D:7      | Reached XP level 10. HP: 29/61 MP: 16/16
  9198 | D:8      | Found Ezajaowk's Armour Shoppe.
  9208 | D:8      | Bought a +0 buckler for 63 gold pieces
  9431 | D:8      | Found a snail-covered altar of Cheibriados.
  9431 | D:8      | Found a faded altar of an unknown god.
  9440 | D:8      | Found an iron altar of Okawaru.
  9450 | D:8      | Found a bloodstained altar of Trog.
  9451 | D:8      | Found a faded altar of an unknown god.
  9826 | D:9      | Reached *** piety under Zin
  9893 | D:9      | Noticed a cyan ugly thing
 10126 | D:9      | Found a shadowy altar of Dithmenos.
 10139 | D:9      | Killed a cyan ugly thing
 10139 | D:9      | Reached skill level 5 in Invocations
 10222 | D:9      | Noticed a skeletal warrior
 10592 | D:9      | Mangled by a hornet

Vault maps used:
D:1:      minmay_arrival_widening_spiral_wide
D:2:      minmay_bisected, uniq_iyjb
D:4:      kennysheep_goblin_castle, uniq_menkaure
D:5:      yredelemnul_forgotten_temple_becter, first_bread, uniq_duvessa,
          uniq_pikel
D:6:      grunt_temple_overflow_lords_of_destruction
D:7:      grunt_temple_overflow_forces_of_nature, old_standard_altar
D:8:      chequers_temple_overflow_minitemple, serial_shops, shop
D:9:      minmay_sliced_demisemicircle, grunt_temple_overflow_opulence,
          basic_altar, hangedman_pestilent_swarm
Temple:   eino_temple_lava

Skill      XL: |  1  2  3  4  5  6  7  8  9 10 |
---------------+-------------------------------+-----
Stealth        | 2 3 4 5 7 8 10 11 | 11.0
Evocations     | 4 5 6 7 8 |  8.1
Slings         | 5 6 |  6.2
Axes           | 3 |  3.1
Fighting       | 2 |  2.5
Dodging        | 3 |  3.1
Maces & Flails | 2 4 |  4.8
Invocations    | 2 5 |  5.4
Short Blades   | |  1.0

Action                   |  1- 3 |  4- 6 |  7- 9 | 10-12 || total
-------------------------+-------+-------+-------+-------++-------
Melee: Short sword       |    40 |    42 |   187 |       ||   269
       Constrict         |     9 |     9 |    58 |    17 ||    93
       Tentacles         |     7 |    11 |    45 |    26 ||    89
       Hand axe          |       |       |    21 |       ||    21
       Mace              |       |       |    98 |    93 ||   191
 Fire: Hunting sling     |       |       |    56 |       ||    56
Invok: Vitalisation      |       |       |       |     2 ||     2
Evoke: Wand              |       |    10 |    18 |     5 ||    33
  Use: Potion            |       |       |     8 |     2 ||    10
       Scroll            |       |       |     2 |       ||     2
 Stab: Sleeping          |     7 |     4 |    40 |     7 ||    58
       Distracted        |       |       |     2 |     1 ||     3
  Eat: Chunk             |       |     3 |    20 |     6 ||    29
       Royal jelly       |       |       |     1 |       ||     1
Armor: Skin              |     2 |       |    54 |     2 ||    58
Dodge: Dodged            |    17 |    21 |   202 |    31 ||   271
Block: Buckler           |       |       |       |    12 ||    12
